 Dungeon Crawl Stone Soup version 0.27-a0-1548-gf8a67e7463 (webtiles) character file.

Game seed: 3160923905958814646

111 raph the Cudgeller (level 4, -9/66 HPs)
             Began as a Troll Berserker on July 13, 2021.
             Was a Believer of Trog.
             Mangled by an orc warrior (18 damage)
             ... on level 4 of the Dungeon.
             The game lasted 00:01:58 (1407 turns).

raph the Cudgeller (Troll Berserker)                Turns: 1407, Time: 00:01:59

Health: -9/66      AC:  4    Str: 25    XL:     4   Next: 62%
Magic:  12/12      EV:  9    Int:  3    God:    Trog [**....]
Gold:   41         SH:  0    Dex:  6    Spells: 3/3 levels left

rFire    . . .     SeeInvis +   h - +8 great mace of Bodily Humours {venom, MP+9 Dex-4 SInv Stlth+}
rCold    . . .     Faith    .   (shield currently unavailable)
rNeg     . . .     Spirit   .   b - +0 animal skin
rPois    .         Reflect  .   (helmet restricted)
rElec    .         Harm     .   (no cloak)
rCorr    .         Rampage  .   (gloves unavailable)
Will     .....                  (boots unavailable)
Stlth    ..........             (no amulet)
HPRegen  1.21/turn              (no ring)
MPRegen  0.13/turn              (no ring)

@: berserking (expiring), very quick
A: large, unfitting armour, claws 3, regeneration 1, shaggy fur 1, tough skin 1
a: Renounce Religion, Berserk, Trog's Hand


You were on level 4 of the Dungeon.
You worshipped Trog.
Trog was pleased with you.
You visited 1 branch of the dungeon, and saw 3 of its levels.

You collected 41 gold pieces.

Inventory:

Hand Weapons
 a - a +0 mace
 h - the +8 great mace of Bodily Humours (weapon) {venom, MP+9 Dex-4 SInv Stlth+}
   (You took it off an orc on level 4 of the Dungeon)

   It poisons the flesh of those it strikes.
   Dex:       It affects your dexterity (-4).
   MP:        It affects your magic capacity (+9).
   SInv:      It lets you see invisible.
   Stlth:     It makes you more stealthy.
Armour
 b - a +0 animal skin (worn)
Scrolls
 c - 2 scrolls of identify {unknown}
 d - a scroll of enchant armour {unknown}
 g - 3 scrolls of teleportation {unknown}
Potions
 e - a potion of mutation {unknown}
 f - a potion of heal wounds {unknown}


   Skills:
 - Level 2.4 Fighting
 + Level 5.0 Maces & Flails
 - Level 2.4 Dodging


You had 3 spell levels left.
You didn't know any spells.
Your spell library was empty.

Dungeon Overview and Level Annotations

Branches:
Dungeon (2/15)

Altars:

Shops:
D:4 (


Innate Abilities, Weirdness & Mutations

You are too large for most types of armour.
You have claws for hands.
Your natural rate of healing is unusually fast.
You are covered in fur. (AC +1)
You have tough skin. (AC +1)


Message History

You kill the orc!
Trog accepts your kill.
You fail to use your ability.
The orc hits you with a +0 dagger. The orc warrior closely misses you.
You sock the orc!
You kill the orc!
Trog accepts your kill.
You can now call upon Trog for regeneration and willpower.
The orc warrior hits you with a +0 flail!
The orc completely misses you. The orc hits you but does no damage.
Your Maces & Flails skill increases to level 5!
The orc barely misses you. The orc hits you but does no damage.
A red film seems to cover your vision as you go berserk!
You feel yourself moving faster!
You feel mighty!
The orc warrior hits you with a +0 flail!
The orc hits you with a +0 short sword. The orc closely misses you.
You barely miss the orc.
The orc warrior hits you with a +0 flail!
The orc hits you with a +0 short sword.
* * * LOW HITPOINT WARNING * * *
The orc closely misses you.
You closely miss the orc.
The orc warrior hits you with a +0 flail!
* * * LOW HITPOINT WARNING * * *
The orc hits you but does no damage. The orc barely misses you.
You hit the orc but do no damage. The orc warrior barely misses you.
The orc hits you but does no damage. The orc barely misses you.
You barely miss the orc warrior. The orc warrior barely misses you.
The orc barely misses you.
You barely miss the orc warrior. The orc hits you with a +0 dagger.
* * * LOW HITPOINT WARNING * * *
The orc warrior hits you with a +0 flail.
* * * LOW HITPOINT WARNING * * *
The orc hits you but does no damage.
You hit the orc warrior.
The orc warrior is poisoned.
The orc warrior is lightly wounded.
The orc hits you with a +0 dagger.
* * * LOW HITPOINT WARNING * * *
The orc warrior hits you with a +0 flail!!
You die...

∩. ..## #.. #.. ... #..
#..## ..# ##.#
#.....####.. #..# ...
#.......# ...#
##....##......# s..##..#
#.........# ...#..#
#....oo..# .....#
#..##o@..### ....##
##.....## .....#
#.##...#.. .....#
#......... $....## ####
#)........
......###..#####..#####.#
.................##
....#####.......## .....#
##......#


You could see an orc warrior (very poisoned) and 2 orcs.

Vanquished Creatures
  An orc priest (D:4)
  A jelly (D:4)
  An adder (D:2)
  An adder skeleton (D:4)
  A dart slug (D:1)
  6 orcs (D:4)
  A bat (D:1)
  3 endoplasms (D:1)
  A giant cockroach (D:1)
  3 goblins (D:1)
  2 hobgoblins (D:1)
  2 kobolds
  2 quokkas
  3 ball pythons
  A frilled lizard (D:1)
  2 rats (D:2)
31 creatures vanquished.

Notes
Turn   | Place    | Note
-------+----------+-------------------------------------------
     0 | D:1      | raph the Troll Berserker began the quest for the Orb.
     0 | D:1      | Reached XP level 1. HP: 22/22 MP: 0/0
   263 | D:1      | Reached skill level 3 in Maces & Flails
   361 | D:1      | Reached XP level 2. HP: 29/29 MP: 1/1
   954 | D:2      | Found a faded altar of an unknown god.
  1078 | D:2      | Reached XP level 3. HP: 32/36 MP: 2/2
  1266 | D:2      | You fall into a shaft and drop 2 floors!
  1287 | D:4      | Reached skill level 4 in Maces & Flails
  1287 | D:4      | Identified the +8 great mace of Bodily Humours {venom, MP+9
                  | Dex-4 SInv Stlth+}
  1294 | D:4      | Reached XP level 4. HP: 23/44 MP: 3/3
  1371 | D:4      | Noticed a scorpion
  1395 | D:4      | Noticed an orc warrior
  1396 | D:4      | Found Keidoo's Weapon Boutique.
  1399 | D:4      | Reached ** piety under Trog
  1400 | D:4      | Reached skill level 5 in Maces & Flails
  1407 | D:4      | Mangled by an orc warrior

Illustrated notes

Levels and vault maps discovered:
D:1:      amcnicky_arrival_abandoned_market, layout_basic,
          minmay_misc_feat_more_columns
D:2:      layout_basic, chequers_ecumenical_altar_simple,
          kennysheep_jessica_study
D:4:      layout_layer_cave, led_xom_imps, temple_hall, serial_shops, shop

Skill      XL: |  1  2  3  4 |
---------------+-------------+-----
Maces & Flails | 3 4 5 |  5.0
Fighting       | |  2.4
Dodging        | |  2.4

Action                   |  1- 3 |  4- 6 || total
-------------------------+-------+-------++-------
Melee: Mace              |    97 |     4 ||   101
       Great mace        |       |     9 ||     9
Invok: Berserk           |     1 |     1 ||     2
 Stab: Sleeping          |     1 |       ||     1
Armor: Animal skin       |    37 |     5 ||    42
Dodge: Dodged            |    70 |    13 ||    83

Table legend: (Time is in decaauts)
 A = Elapsed time spent in this place.
 B = Non-inter-level travel time spent in this place.
 C = Inter-level travel time spent in this place.
 D = Time resting spent in this place.
 E = Time spent auto-exploring this place.
 F = Levels seen in this place.
 G = Mean time per level.
                   A        B        C        D        E       F      G
               +--------+--------+--------+--------+--------+-----+--------+
         Total |   1436 |   1416 |     20 |    118 |   1001 |   3 |  478.7 |
       Dungeon |   1436 |   1416 |     20 |    118 |   1001 |   3 |  478.7 |
               +--------+--------+--------+--------+--------+-----+--------+

Top non-repeatable levels by time:
     D:1: 941 daAuts
     D:2: 344 daAuts
     D:4: 149 daAuts
